AoeStats
← VALHALLA

Arabia

507857770Analyzed
3v3 RM · 13d ago on Sep 20, 2026· 53m 52s· 6 players
Game mode
Random Map
Map size
Normal (6 player)
Population
200
Speed
Normal
Resources
Standard
Victory
Conquest
Starting age
Dark Age
Ending age
Imperial Age
RankedLock teamsTeams togetherTeam positionsShared explorationLock speedFull tech treeHidden civsTurbo modeCheats
Victory
Defeat
🇷🇺 Hindustanis · Russia
1610
+10
🇧🇾 Cumans · Belarus
1400
+33
🇷🇺 Celts · Russia
1180
+27
🇦🇷 Goths · Argentina
1484
-19
🇻🇪 Franks · Venezuela
1462
-19
🇨🇴 Koreans · Colombia
1443
-18
ImPerez22
6:49 Loom
9:40 Feudal Age
11:54 Double-Bit Axe
15:28 Double-Bit Axe
19:47 Scale Barding Armor
20:28 Horse Collar
20:42 Gold Mining
21:43 Forging
26:30 Castle Age
26:33 Light Cavalry
27:34 Chain Barding Armor
35:23 Fletching
35:47 Husbandry
38:37 Bodkin Arrow
39:45 Wheelbarrow
40:18 Squires
40:44 Ballistics
VALHALLA
6:57 Loom
9:29 Feudal Age
9:31 Man-at-Arms
9:57 Double-Bit Axe
15:04 Horse Collar
15:48 Fletching
17:34 Wheelbarrow
23:19 Castle Age
21:10 Gold Mining
21:38 Padded Archer Armor
23:22 Crossbowman
24:00 Bodkin Arrow
24:16 Bow Saw
24:11 Crossbowman
27:47 Town Watch
28:52 Heavy Plow
29:50 Stone Mining
30:39 Hand Cart
34:22 Anarchy
37:42 Imperial Age
35:14 Scale Mail Armor
35:15 Squires
35:01 Pikeman
36:50 Forging
40:09 Chain Mail Armor
40:15 Conscription
40:58 Elite Huskarl
41:18 Halberdier
43:04 Iron Casting
45:21 Blast Furnace
44:31 Perfusion
47:58 Bracer
GHOST
3:08 Loom
9:57 Feudal Age
10:26 Double-Bit Axe
17:33 Gold Mining
21:55 Castle Age
20:33 Scale Barding Armor
20:39 Forging
22:46 Bow Saw
23:17 Husbandry
23:59 Wheelbarrow
30:25 Chain Barding Armor
36:13 Imperial Age
36:06 Town Watch
36:29 Cavalier
37:53 Coinage
3D!Beell
5:55 Loom
10:16 Feudal Age
11:13 Horse Collar
11:22 Double-Bit Axe
20:54 Castle Age
21:20 Fletching
21:32 Padded Archer Armor
22:12 Fletching
22:44 Bow Saw
22:32 Gold Mining
23:40 Leather Archer Armor
25:21 Bodkin Arrow
26:11 Medium Warships
26:55 Gold Shaft Mining
27:23 Wheelbarrow
28:30 Heavy Plow
29:42 Fervor
30:15 Ballistics
31:04 Town Watch
31:34 Thumb Ring
35:28 Sanctity
36:06 Husbandry
36:17 Bloodlines
41:33 Imperial Age
40:12 Gold Shaft Mining
39:27 Stone Mining
42:19 Hand Cart
43:03 Fishing Lines
46:18 Block Printing
47:09 Bracer
48:13 Chemistry
47:24 Light Cavalry
48:26 Scale Barding Armor
47:53 Heavy Cavalry Archer
51:23 Chain Barding Armor
51:21 Hussar
53:10 Plate Barding Armor
53:46 Forging
3D!Scatter
6:37 Loom
8:51 Feudal Age
9:35 Double-Bit Axe
9:31 Horse Collar
17:06 Bloodlines
17:04 Scale Barding Armor
18:14 Forging
22:27 Castle Age
22:35 Wheelbarrow
22:39 Light Cavalry
24:22 Chain Barding Armor
30:16 Iron Casting
35:33 Gold Mining
42:03 Imperial Age
43:35 Hussar
45:43 Hand Cart
46:49 Blast Furnace
47:23 Plate Barding Armor
49:04 Conscription
48:47 Steppe Husbandry
50:38 Cavalier
51:49 Pikeman
51:53 Man-at-Arms
52:35 Scale Mail Armor
52:52 Town Watch
52:32 Long Swordsman
53:12 Squires
53:12 Two-Handed Swordsman
няшка
10:41 Feudal Age
8:57 Loom
13:53 Man-at-Arms
27:51 Castle Age
28:25 Pikeman
34:36 Scale Mail Armor
36:12 Double-Bit Axe
39:44 Chain Mail Armor
39:52 Bow Saw
39:31 Horse Collar
39:53 Elite Skirmisher
40:14 Long Swordsman
41:01 Gambesons
Connection lost

Rejoining the realm…

Still unreachable

The connection could not be restored.

Session expired

The server has moved on; the page needs a fresh start.